 Dungeon Crawl Stone Soup version 0.24.0-123-gd5b16e6ec5 (webtiles) character file.

Game seed: 15560954646095370654, levelgen mode: deterministic

192 LordRappington the Twirler (level 5, -1/42 HPs)
             Began as a Minotaur Gladiator on Jan 16, 2020.
             Was a Follower of Trog.
             Succumbed to an orc wizard's poison
             ... on level 3 of the Dungeon.
             The game lasted 00:08:45 (2379 turns).

LordRappington the Twirler (Minotaur Gladiator)     Turns: 2379, Time: 00:08:46

Health: -1/42      AC:  9    Str: 19    XL:     5   Next: 42%
Magic:  4/4        EV:  7    Int:  6    God:    Trog [*.....]
Gold:   153        SH:  0    Dex: 11    Spells: 4/4 levels left

rFire    . . .     SeeInvis .   a - +0 quarterstaff
rCold    . . .     Gourm    .   (shield currently unavailable)
rNeg     . . .     Faith    .   t - +0 chain mail
rPois    .         Spirit   .   c - +0 hat
rElec    .         Reflect  .   (no cloak)
rCorr    .         Harm     .   (no gloves)
MR       .....                  g - +0 pair of boots
Stlth    ..........             (no amulet)
HPRegen  0.14/turn              (no ring)
MPRegen  0.09/turn              (no ring)

@: lethally poisoned (-1 -> -27)
A: retaliatory headbutt, horns 2
a: Berserk, Renounce Religion


You were on level 3 of the Dungeon.
You worshipped Trog.
Trog was aware of your devotion.
You were hungry.

You visited 1 branch of the dungeon, and saw 3 of its levels.

You collected 153 gold pieces.

Inventory:

Hand Weapons
 a - a +0 quarterstaff (weapon)
Missiles
 d - 3 throwing nets (quivered)
 o - 11 poisoned darts
Armour
 c - a +0 hat (worn)
 g - a +0 pair of boots (worn)
 t - a +0 chain mail (worn)
Jewellery
 r - an uncursed amulet of harm {unknown}
Scrolls
 e - 3 scrolls of remove curse
 h - a scroll of immolation {unknown}
 j - a scroll of teleportation {unknown}
 k - 2 scrolls of fog {unknown}
 p - a scroll of identify {unknown}
 q - a scroll of enchant armour {unknown}
 s - a scroll of amnesia {unknown}
Potions
 b - 2 potions of berserk rage {unknown}
 i - 2 potions of resistance {unknown}
 l - a potion of flight {unknown}
 m - 3 potions of curing {unknown}
Comestibles
 f - 6 rations


   Skills:
 - Level 2.4(1.2) Fighting
 * Level 7.5(3.7) Staves
 - Level 2.0(1.0) Throwing
 - Level 3.2(1.6) Dodging


You had 4 spell levels left.
You didn't know any spells.
Your spell library was empty.

Dungeon Overview and Level Annotations

Branches:
Dungeon (3/15)

Altars:
Ashenzari
Hepliaklqana
Qazlal
Trog


Innate Abilities, Weirdness & Mutations

You reflexively headbutt those who attack you in melee.
You have a pair of horns on your head.


Message History

Deactivating autopickup; reactivate with Ctrl-A.
Items here: )) [[ ††
* * * LOW HITPOINT WARNING * * *
You feel sick. Something hits you but does no damage.
You are more poisoned.
You closely miss something.
* * * LOW HITPOINT WARNING * * *
You feel very sick. Something hits you but does no damage.
You sock something! Trog accepts your kill.
Trog appreciates your killing of a magic user.
Reactivating autopickup.
You feel a bit more experienced.
* * * LOW HITPOINT WARNING * * *
You feel very sick.
* * * LOW HITPOINT WARNING * * *
You feel sick.
Items here: ))) [[[ ††† You die...

#...........#
#.....♣.....# .#
#..<.....<..# .#
### #.....♣.....#
##.###
....#.....(.....#
.....
....##..♣...♣..##
...# ####
##.......####...###
..#####.....#.....#
.. #....@))....#
#####)##....# #.#
..## #.# ..# #.# .#
#.# # #.# #.# #.#


There were no monsters in sight!

Vanquished Creatures
  2 orc wizards (D:3)
  6 adders
  A worm (D:3)
  2 dart slugs
  2 leopard geckos (D:1)
  3 orcs (D:3)
  5 bats
  2 giant cockroaches
  13 hobgoblins
  7 jackals
  5 kobolds
  A quokka (D:2)
  A ball python (D:2)
  7 frilled lizards
  10 goblins
  8 rats
75 creatures vanquished.

Notes
Turn   | Place    | Note
-------+----------+-------------------------------------------
     0 | D:1      | LordRappington the Minotaur Gladiator began the quest for
                  | the Orb.
     0 | D:1      | Reached XP level 1. HP: 18/18 MP: 0/0
   113 | D:1      | Reached skill level 4 in Staves
   144 | D:1      | Reached XP level 2. HP: 16/25 MP: 1/1
   468 | D:1      | Reached skill level 5 in Staves
   520 | D:1      | Reached XP level 3. HP: 24/30 MP: 2/2
  1496 | D:2      | Found a bloodstained altar of Trog.
  1497 | D:2      | Found a shattered altar of Ashenzari.
  1497 | D:2      | Found a hazy altar of Hepliaklqana.
  1498 | D:2      | Found a stormy altar of Qazlal.
  1501 | D:2      | Reached XP level 4. HP: 34/37 MP: 3/3
  1502 | D:2      | Reached skill level 6 in Staves
  1513 | D:2      | Became a worshipper of Ashenzari the Shackled
  1518 | D:2      | Fell from the grace of Ashenzari
  1518 | D:2      | Became a worshipper of Trog the Wrathful
  2332 | D:3      | Reached * piety under Trog
  2359 | D:3      | Reached XP level 5. HP: 39/42 MP: 4/4
  2369 | D:3      | Reached skill level 7 in Staves
  2378 | D:3      | HP: 2/42 [poisoned by an orc wizard]
  2379 | D:3      | Succumbed to an orc wizard's poison

Levels and vault maps discovered:
D:1:      onia_arrival_mini_spirals, layout_loops_ring, minmay_fountain_box,
          minmay_quantized
D:2:      layout_loops_corners, chequers_temple_overflow_statue_of_worship,
          minmay_domino_4
D:3:      layout_basic, ebering_ghost_disaster_area, grunt_ministairs_10

Skill      XL: |  1  2  3  4  5 |
---------------+----------------+-----
Staves         | 4 5 6 7 |  7.5
Fighting       | |  2.4
Throwing       | |  2.0
Dodging        | |  3.2

Action                   |  1- 3 |  4- 6 || total
-------------------------+-------+-------++-------
Melee: Quarterstaff      |    88 |    98 ||   186
       Headbutt          |     8 |     9 ||    17
  Eat: Chunk             |     2 |     2 ||     4
Armor: Leather armour    |     9 |       ||     9
       Ring mail         |     7 |       ||     7
       Scale mail        |    17 |    23 ||    40
       Chain mail        |       |    36 ||    36
Dodge: Dodged            |    46 |    55 ||   101
